 Dungeon Crawl Stone Soup version 0.24.0-123-gd5b16e6ec5 (webtiles) character file.

Game seed: 443509746999701223, levelgen mode: deterministic

63 CrawlButze the Magician (level 3, -1/19 HPs)
             Began as a Deep Elf Wizard on Dec 31, 2019.
             Slain by a giant cockroach (2 damage)
             ... on level 2 of the Dungeon.
             The game lasted 00:17:08 (1348 turns).

CrawlButze the Magician (Deep Elf Wizard)           Turns: 1348, Time: 00:17:09

Health: -1/19      AC:  2    Str:  4    XL:     3   Next: 87%
Magic:  2/11       EV: 13    Int: 23    God:
Gold:   30         SH:  0    Dex: 13    Spells: 6/12 levels left

rFire    . . .     SeeInvis .   c - +0 dagger
rCold    . . .     Gourm    .   (no shield)
rNeg     . . .     Faith    .   a - +0 robe
rPois    .         Spirit   .   b - +0 hat
rElec    .         Reflect  .   (no cloak)
rCorr    .         Harm     .   (no gloves)
MR       .....                  (no boots)
Stlth    ++........             (no amulet)
HPRegen  0.06/turn              (no ring)
MPRegen  0.12/turn              (no ring)

@: very slightly contaminated
A: no striking features
a: no special abilities


You were on level 2 of the Dungeon.
You were not hungry.

You visited 1 branch of the dungeon, and saw 2 of its levels.

You collected 30 gold pieces.

Inventory:

Hand Weapons
 c - a +0 dagger (weapon)
Armour
 a - a +0 robe (worn)
 b - a +0 hat (worn)
 i - a +0 robe
Jewellery
 l - a cursed -2 ring of dexterity {unknown}
 o - a +4 ring of evasion {unknown}
Wands
 v - a wand of digging (2)
Scrolls
 h - a scroll of noise {unknown}
 j - a scroll of blinking
 k - a scroll of teleportation
 m - a scroll of amnesia {unknown}
 s - 3 scrolls of fog
 t - a scroll of remove curse
 u - a scroll of enchant armour {unknown}
Potions
 e - a potion of brilliance {unknown}
 f - a potion of degeneration {unknown}
 g - a potion of resistance {unknown}
 n - a potion of agility {unknown}
 p - a potion of curing {unknown}
 q - a potion of lignification {unknown}
Comestibles
 d - 2 rations
 r - 5 chunks of flesh


   Skills:
 + Level 3.1 Dodging
 - Level 2.4 Stealth
 * Level 5.3 Spellcasting
 + Level 2.5 Conjurations
   Level 1.1 Summonings
 - Level 1.1 Translocations
 * Level 0.9 Poison Magic


You had 6 spell levels left.
You knew the following spells:

 Your Spells              Type           Power        Failure   Level  Hunger
a - Magic Dart            Conj           ###.         3%          1    None
b - Blink                 Tloc           N/A          9%          2    None
c - Mephitic Cloud        Conj/Pois/Air  ##......     17%         3    ##.....

Your spell library contained the following spells:

 Spells                   Type           Power        Failure   Level  Hunger
 Call Imp                 Summ           ##......     9%          2    None
 Slow                     Hex            #.......     14%         2    None
 Conjure Flame            Conj/Fire      ##......     16%         3    ##.....


Dungeon Overview and Level Annotations

Branches:
Dungeon (2/15)

Altars:


Message History

The bat hits you but does no damage. The bat barely misses you.
Casting: Blink (safe; 9% risk of failure)
Confirm with . or Enter, or press ? or * to list all spells.
You miscast Blink.
You are very lightly contaminated with residual magic.
You feel uncomfortable. The bat hits you.
* * * LOW HITPOINT WARNING * * *
The bat closely misses you. The jackal bites you.
* * * LOW HITPOINT WARNING * * *
The jackal misses you. The bat misses you. The bat hits you but does no damage.
The jackal bites you.
* * * LOW HITPOINT WARNING * * *
Casting: Blink (safe; 9% risk of failure)
Confirm with . or Enter, or press ? or * to list all spells.
You miscast Blink.
You feel uncomfortable.
The jackal bites you but does no damage.
The giant cockroach bites you.
You die...

#...# #........#....
####.#.##############....
#....#.........# #....
#.####..######.# #....
#.......# #÷# #.... #..####.#
#.# #.... #.......# #÷# ###..
######.....[######'#### #..
#...........@sb.......# #..
#............h........# #..
#.....................#####..
#...........##...............
#...........##...............
#...........##...............
#............................
#.............#######........
#.............# #........


You could see a jackal, a giant cockroach and a bat.

Vanquished Creatures
  An adder (D:2)
  An ooze (D:2)
  A worm (D:2)
  4 dart slugs
  A leopard gecko (D:1)
  6 bats
  A giant cockroach (D:2)
  5 goblins
  3 hobgoblins
  2 jackals (D:2)
  3 frilled lizards (D:1)
  4 kobolds (D:1)
  8 rats
40 creatures vanquished.

Notes
Turn   | Place    | Note
-------+----------+-------------------------------------------
     0 | D:1      | CrawlButze the Deep Elf Wizard began the quest for the Orb.
     0 | D:1      | Reached XP level 1. HP: 10/10 MP: 7/7
   348 | D:1      | Reached XP level 2. HP: 15/15 MP: 2/9
   524 | D:1      | Learned a level 2 spell: Blink
   734 | D:1      | Reached skill level 5 in Spellcasting
   754 | D:1      | Reached XP level 3. HP: 19/19 MP: 0/11
   969 | D:2      | Learned a level 3 spell: Mephitic Cloud
  1348 | D:2      | Slain by a giant cockroach

Levels and vault maps discovered:
D:1:      mushboom_english_gardens, layout_rooms, palyth_stone_intersect
D:2:      layout_basic, minmay_cut_off

Skill      XL: |  1  2  3 |
---------------+----------+-----
Conjurations   | 2 |  2.5
Spellcasting   | 5 |  5.3
Dodging        | 3 |  3.1
Stealth        | |  2.4
Summonings     | |  1.1
Translocations | |  1.1
Poison Magic   | |  0.9

Action                   || total
-------------------------++-------
Melee: Dagger            ||     2
 Cast: Magic Dart        ||    94
       Blink             ||     3
  Use: Scroll            ||     4
  Eat: Chunk             ||     1
Armor: Robe              ||    18
Dodge: Dodged            ||    63
